 Dungeon Crawl Stone Soup version 0.30.1-3-gfc49f6343a (webtiles) character file.

Game seed: 9812994069898275632

34 jtron the Caller (level 3, 0/20 HPs)
             Began as a Tengu Summoner on July 27, 2023.
             Slain by a gnoll
             ... wielding a +0 club
              (9 damage)
             ... on level 3 of the Dungeon.
             The game lasted 00:03:34 (1205 turns).

jtron the Caller (Tengu Summoner)                   Turns: 1205, Time: 00:03:34

Health: 0/20       AC:  2    Str:  8    XL:     3   Next: 31%
Magic:  0/7        EV: 12    Int: 17    God:
Gold:   179        SH:  0    Dex: 14    Spells: 2/6 levels left

rFire   . . .        e - +1 dagger
rCold   . . .        (no shield)
rNeg    . . .        a - +0 robe
rPois   .            (helmet restricted)
rElec   .            (no cloak)
rCorr   .            (no gloves)
SInv    .            (boots unavailable)
Will    .....        (no amulet)
Stlth   ++           (no ring)
HPRegen 0.23/turn    (no ring)
MPRegen 0.10/turn

%: no passive effects
@: very slightly contaminated
A: beak, talons 3
a: no special abilities


You were on level 3 of the Dungeon.
You visited 1 branch of the dungeon, and saw 3 of its levels.

You collected 179 gold pieces.

Inventory:

Hand Weapons
 e - a +1 dagger (weapon)
Missiles
 g - 29 stones (quivered)
 r - 2 boomerangs
Armour
 a - a +0 robe (worn)
Scrolls
 c - a scroll of enchant weapon
 f - a scroll of magic mapping {unknown}
 j - a scroll of teleportation
 o - a scroll of poison {unknown}
 p - a scroll of noise
Potions
 b - a potion of magic
 d - a potion of mutation {unknown}
 h - a potion of invisibility
 i - a potion of lignification {unknown}
 k - a potion of resistance {unknown}
 l - a potion of attraction
 m - a potion of degeneration {unknown}
 n - a potion of curing
 q - a potion of cancellation


   Skills:
 * Level 1.1 Fighting
 + Level 2.2 Dodging
 + Level 2.2 Stealth
 + Level 2.3 Spellcasting
 + Level 5.4 Summonings


You had 2 spell levels left.
You knew the following spells:

 Your Spells              Type           Power      Damage    Failure   Level
a - Summon Small Mammal   Summ           80%        N/A       1%          1
b - Call Canine Familiar  Summ           20%        N/A       6%          3

Your spell library contained the following spells:

 Spells                   Type           Power      Damage    Failure   Level
 Call Imp                 Summ           40%        N/A       3%          2
 Apportation              Tloc           2%         N/A       19%         1
 Summon Guardian Golem    Hex/Summ       11%        N/A       19%         3
 Summon Lightning Spire   Summ/Air       11%        N/A       52%         4
 Alistair's Intoxication  Tmut/Pois      0%         N/A       99%         5


Dungeon Overview and Level Annotations

Branches:
Dungeon (2/15)

Altars:


Innate Abilities, Weirdness & Mutations

You have a beak for a mouth.
You have claws for feet.


Message History

You are too injured to fight recklessly!
You are too injured to fight recklessly!
You are too injured to fight recklessly!
You are too injured to fight recklessly!
You are too injured to fight recklessly!
The goblin shoots a sling bullet.
The sling bullet barely misses you.
The goblin shoots a sling bullet.
The sling bullet hits you.
The goblin shoots a sling bullet.
The sling bullet misses you.
Casting: Call Canine Familiar (quite dangerous; 6% risk of failure)
Confirm with . or Enter, or press ? or * to list all spells.
The spell is quite dangerous to miscast (6% risk of failure)!
Continue anyway?
You miscast Call Canine Familiar.
You are very lightly contaminated with residual magic.
Nothing appears to happen.
The gnoll completely misses you.
The goblin shoots a sling bullet.
The sling bullet hits you.
* * * LOW HITPOINT WARNING * * *
The goblin shoots a sling bullet.
The sling bullet misses you.
You hear a shout! x2
You hear a shout! x5
Casting: Call Canine Familiar (quite dangerous; 6% risk of failure)
Confirm with . or Enter, or press ? or * to list all spells.
The spell is quite dangerous to miscast (6% risk of failure)!
Continue anyway?
The gnoll barely misses you.
The goblin shoots a sling bullet.
The sling bullet barely misses you.
Casting: Call Canine Familiar (quite dangerous; 6% risk of failure)
Confirm with . or Enter, or press ? or * to list all spells.
Your hound bites the gnoll.
The goblin misses your hound. The gnoll barely misses you.
Your hound barely misses the gnoll.
Your hound bites the gnoll.
The goblin hits your hound with a +0 club.
The goblin shoots a sling bullet.
The sling bullet hits your hound.
Casting: Summon Small Mammal (safe; 1% risk of failure)
Confirm with . or Enter, or press ? or * to list all spells.
You don't have enough magic to cast this spell.
Your hound misses the gnoll.
Your quokka bites the gnoll but does no damage.
It was a potion of curing.
You feel better.
Your quokka misses the gnoll.
Your hound barely misses the gnoll.
The goblin closely misses your hound. The gnoll hits you with a +0 club!
You die...

################
#..............#
#...gg.r.......+
#+##...gghg@......########
#......########..........#
#......# #..........+
#...g..# #..........#
#+##.... .....########
#g... .......+ #.....
........# ###### #########


You could see a gnoll (ally target), 4 goblins, a friendly hound (summoned) and
a friendly quokka (summoned).

Vanquished Creatures
  3 ball pythons
  An endoplasm (D:2)
  A giant cockroach (D:1)
  2 goblins
  5 hobgoblins
  4 kobolds
  A quokka (D:1)
  3 bats (D:1)
  A frilled lizard (D:2)
  2 rats
23 creatures vanquished.

Vanquished Creatures (collateral kills)
  A worm (D:2)
  An endoplasm (D:2)
  A goblin (D:1)
  A rat (D:2)
4 creatures vanquished.

Grand Total: 27 creatures vanquished

Notes
Turn   | Place    | Note
-------+----------+-------------------------------------------
     0 | D:1      | jtron the Tengu Summoner began the quest for the Orb.
     0 | D:1      | Reached XP level 1. HP: 10/10 MP: 4/4
    64 | D:1      | Reached skill level 5 in Summonings
   153 | D:1      | Reached XP level 2. HP: 15/15 MP: 6/6
   787 | D:2      | Reached XP level 3. HP: 20/20 MP: 5/7
   791 | D:2      | Learned a level 3 spell: Call Canine Familiar
   874 | D:2      | Reached skill level 1 in Fighting
  1179 | D:2      | You fall into a shaft and drop 1 floor!
  1205 | D:3      | Slain by a gnoll

Illustrated notes

Levels and vault maps discovered:
D:1:      minmay_arrival_solitary_statue, layout_loops_ring, chequers_jeans,
          minmay_gold_behind_fungi
D:2:      layout_basic
D:3:      minmay_goblin_kobold_castle, layout_rooms, ashenzari_altar_1,
          mainiacjoe_overflow_chevrons, portal_sewer_entry_a, uniq_sigmund

Skill      XL: |  1  2  3 |
---------------+----------+-----
Summonings     | 5 |  5.4
Fighting       | 1 |  1.1
Dodging        | |  2.2
Stealth        | |  2.2
Spellcasting   | |  2.3

Action                     || total
---------------------------++-------
  Melee: Dagger            ||    48
         Kick              ||    17
         Peck              ||    13
         Unarmed           ||     4
   Cast: Summon Small Mamm ||    18
         Call Canine Famil ||     3
    Use: Scroll            ||     6
         Potion            ||     1
   Stab: Sleeping          ||     2
 Armour: Robe              ||     8
  Dodge: Dodged            ||    38
